 Dungeon Crawl Stone Soup version 0.16-a0-3474-g346b3f3 (webtiles) character file.

97836 Fiveotanaka the Inventor (level 15, -12/138 HPs)
             Began as a Deep Dwarf Fighter on Apr 2, 2015.
             Was a Priest of Pakellas.
             Mangled by a spriggan rider
             ... wielding a +0 spear
              (17 damage)
             ... on level 3 of the Swamp on Apr 3, 2015.
             The game lasted 03:40:24 (30599 turns).

Fiveotanaka the Inventor (Deep Dwarf Fighter)      Turns: 30599, Time: 03:40:24

Health: -12/138    AC: 23    Str: 24      XL:     15   Next: 73%
Magic:  32/32      EV: 18    Int:  5 (9)  God:    Pakellas [***...]
Gold:   2104       SH: 10    Dex: 17      Spells: 0 memorised, 14 levels left

rFire  . . .     SeeInvis +     M - +1 whip (elec)
rCold  + . .     Clarity  .     h - +3 ring mail "Ruatudet" {MR+ Str+3}
rNeg   + + .     SustAb   .     c - +0 shield
rPois  +         Gourm    .     w - +0 helmet {SInv}
rElec  .         Spirit   .     A - +0 cloak
rCorr  .         Warding  +     V - +1 pair of gloves
rMut   .         Stasis   .     W - +2 pair of boots {Fly}
MR     +++..                    F - macabre finger necklace {Ward rN+}
Stlth  +.........               X - +3 ring of protection
                                k - ring of protection from cold
                                x - ring of poison resistance

@: non-regenerating, extremely resistant to hostile enchantments, very
unstealthy
A: damage resistance, recharge devices, negative energy resistance 1, sense
surroundings 2, slow healing 3
a: Device Recharging, Minor Device Surge, Quick Charge, Device Surge, Renounce
Religion, Evoke Flight


You were on level 3 of the Swamp.
You worshipped Pakellas.
Pakellas was most pleased with you.
You were not hungry.

You visited 5 branches of the dungeon, and saw 30 of its levels.
You also visited: Labyrinth, Sewer and Bailey.

You collected 3011 gold pieces.
You spent 907 gold pieces at shops.

Inventory:

Hand weapons
 I - a +0 eveningstar
 M - a +1 whip of electrocution (weapon)
 U - a +1 flail of venom
Missiles
 J - 4 throwing nets (quivered)
Armour
 c - a +0 shield (worn)
 h - the +3 ring mail "Ruatudet" (worn) {MR+ Str+3}
   (You found it on level 8 of the Lair of Beasts)

   It affects your strength (+3).
   It affects your resistance to hostile enchantments.
 w - a +0 helmet of see invisible (worn)
 A - a +0 cloak (worn)
 V - a +1 pair of gloves (worn)
 W - a +2 pair of boots of flying (worn)
Rods
 N - a +4 iron rod (8/14)
   (Pakellas gifted it to you on level 13 of the Dungeon)
Jewellery
 d - an uncursed ring of see invisible
 k - a ring of protection from cold (left hand)
 m - an uncursed ring of protection from fire
 v - the ring "Unadoi" {SustAb Str+3}
   (You bought it in a shop on level 4 of the Orcish Mines)

   [ring of sustain abilities]

   It sustains your strength, intelligence and dexterity.
   It affects your strength (+3).
 x - a ring of poison resistance (on amulet)
 F - the macabre finger necklace (around neck) {Ward rN+}
   (You found it on level 6 of the Dungeon)

   [amulet of warding]

   It may prevent the melee attacks of summoned creatures.
   It protects you from negative energy.
 X - a +3 ring of protection (right hand)
 Y - an uncursed amulet of resist corrosion
Magical devices
 l - a wand of teleportation (3)
 n - a wand of fire (1)
 y - a wand of slowing (25)
 E - a wand of digging (12)
 G - a wand of cold (9)
 O - a wand of heal wounds (0)
 P - a wand of paralysis (1)
 R - a wand of lightning (5)
Scrolls
 b - 3 scrolls of silence
 g - 6 scrolls of enchant armour
 i - 9 scrolls of teleportation
 j - 6 scrolls of fog
 o - 10 scrolls of remove curse
 q - 2 scrolls of enchant weapon
 s - a scroll of blinking
 u - 4 scrolls of magic mapping
 D - 3 scrolls of recharging
 H - 2 scrolls of summoning
Potions
 e - 3 potions of might
 p - 5 potions of agility
 r - 7 potions of curing
 t - 2 potions of poison {unknown}
 z - 3 potions of flight
 C - a potion of resistance {unknown}
 K - 2 potions of haste {unknown}
 L - a potion of cure mutation {unknown}
 Q - 4 potions of restore abilities
 S - 4 potions of heal wounds
 T - 3 potions of brilliance
 Z - 2 potions of degeneration {unknown}
Miscellaneous
 a - a box of beasts {used: 2}
Comestibles
 f - 13 bread rations
 B - 9 meat rations


   Skills:
 + Level 10.1 Fighting
 - Level 16.0 Maces & Flails
 + Level 13.2 Armour
 + Level 12.7 Dodging
 - Level 3.2 Shields
 + Level 17.1 Evocations


You had 14 spell levels left.
You didn't know any spells.

Dungeon Overview and Level Annotations

Branches:
Dungeon (14/15)            Temple (1/1) D:6            Lair (8/8) D:11
  Swamp (3/5) Lair:3       Spider (0/5) Lair:5        Slime (0/6) Lair:7
    Orc (4/4) D:12            Elf (0/3) Orc:3        Vaults (0/5) D:13

Altars:
Ashenzari
Cheibriados
Dithmenos
Elyvilon
Fedhas
Gozag
Kikubaaqudgha
Makhleb
Nemelex Xobeh
Okawaru
Pakellas
Qazlal
Ru
Sif Muna
Trog
Vehumet
Xom
Yredelemnul
Zin
The Shining One
Beogh
Jiyva

Shops:
D:4 (   D:9 [   Orc:4 %[=(}

Annotations:
D:10 runed door
Lair:7 runed door, exclusion: oklob plant
Lair:8 runed door


Innate Abilities, Weirdness & Mutations

You are resistant to damage.
You can recharge devices by infusing magical energy.
You resist negative energy.
You passively map the area around you.
You do not heal naturally.


Message History

The spriggan rider completely misses you.
You block the spriggan rider's attack.
You closely miss the spriggan rider.
The spriggan rider is severely wounded.
You block the spriggan rider's attack. The spriggan rider barely misses you.
The spriggan rider hits you but does no damage.
Your unstable footing causes you to fumble your attack.
The spriggan rider hits you with a spear.
* * * LOW HITPOINT WARNING * * *
Your unstable footing causes you to fumble your attack.
You block the spriggan rider's attack. The spriggan rider closely misses you.
Your unstable footing causes you to fumble your attack.
You block the spriggan rider's attack.
Your unstable footing causes you to fumble your attack.
You block the spriggan rider's attack.
The spriggan rider hits you but does no damage.
You whack the spriggan rider!
The spriggan rider is almost dead.
The spriggan rider hits you with a spear!!
You die...

* ,. , , .≈. ,
♣♣♣...≈. , * *
♣♣♣.≈....♣.≈ ,
♣♣≈..≈§...♣...≈ *
♣♣♣♣♣≈......≈≈.♣.≈≈ *
♣..≈♣...≈≈..≈≈≈≈≈...
♣..≈..≈≈≈≈≈≈≈≈≈.≈..≈
♣♣≈(.@ii≈≈≈≈≈≈≈.P≈.,
♣♣.≈≈i≈≈≈..§≈..≈≈≈.
♣≈≈≈....≈<≈...≈≈≈!
♣♣≈....♣♣≈≈♣≈.≈≈≈≈≈≈
♣....≈♣♣...P≈≈≈≈≈≈
♣..(≈≈...≈.≈≈≈≈≈≈≈≈≈.
♣.≈≈.≈..$..≈≈≈≈§≈..≈.
♣♣.....≈♣♣≈(≈≈≈≈.....
♣♣≈≈♣♣♣♣♣≈(≈≈≈≈≈≈.≈.


You could see 3 spriggan riders.

Vanquished Creatures
  A thorn hunter (Swamp:1)
  Rupert (Lair:8)
  Donald (D:13)
  A minotaur (Lab)
  Snorg (Lair:6)
  An ice dragon (Lair:8)
  16 hydras
  A centaur warrior (D:12)
  Nessos (Orc:3)
  An alligator (Swamp:1)
  Nergalle (Lair:4)
  A skeletal warrior (D:13)
  An unseen horror (shapeshifter) (D:14)
  A spriggan druid (Swamp:1)
  2 unseen horrors
  A lindwurm (Lair:8)
  9 orc knights
  6 hill giants
  A griffon (Lair:8)
  6 elephants (Lair:6)
  2 manticores
  3 cyclopes
  6 ugly things
  Joseph (D:7)
  6 torpor snails (Lair:8)
  A gargoyle (D:11)
  3 black mambas
  A centaur skeleton (D:11)
  Psyche (D:11)
  13 spiny frogs
  A fire drake (Lair:8)
  A kobold demonologist (D:12)
  2 komodo dragons
  7 trolls
  3 blink frogs (Lair:5)
  9 polar bears
  4 giant leeches
  12 slime creatures
  A raiju (Lair:8)
  5 ravens
  4 bog bodies (Swamp:2)
  3 basilisks
  A trapdoor spider zombie (D:14)
  39 yaks
  A trapdoor spider (D:14)
  A shadow (Swamp:1)
  9 spriggans
  2 deep elf magi (D:12)
  15 humans (D:13)
  2 wyverns (Lair:8)
  25 wolves
  A wraith (D:12)
  A deep elf fighter (D:11)
  5 hippogriffs
  6 vampire mosquitoes
  2 mottled dragons (D:13)
  A hungry ghost (D:12)
  6 insubstantial wisps
  13 swamp worms
  2 soldier ants
  19 water moccasins
  12 wargs
  10 porcupines
  5 swamp drakes
  5 hell hounds (Lair:8)
  3 ice beasts
  12 ogres
  2 phantoms
  13 black bears
  2 eyes of draining
  44 orc warriors
  3 sky beasts
  12 yellow wasps
  2 boring beetles
  4 big kobolds
  17 crocodiles
  12 centaurs
  3 brain worms (Lair:8)
  2 wyvern zombies
  Blork the orc (D:8)
  15 giant frogs
  A gnoll sergeant (D:7)
  6 scorpions
  A water moccasin skeleton (D:7)
  11 wights
  9 killer bees
  3 electric eels
  5 jellies
  6 centaur zombies
  7 crimson imps
  24 hounds
  A human zombie (D:13)
  17 orc priests
  40 orc wizards
  2 giant frog skeletons
  A gnoll shaman (D:10)
  A human skeleton (D:13)
  10 worker ants
  10 iguanas
  6 hell rats (Lair:3)
  7 sheep (Lair:7)
  2 hound zombies
  2 mummies
  A hound skeleton (D:5)
  4 worker ant zombies
  Robin (D:3)
  25 adders
  15 gnolls
  59 river rats
  4 shadow imps
  19 worms
  5 giant mites
  An adder zombie (D:5)
  An adder skeleton (D:7)
  9 giant geckos
  4 oozes
  206 orcs
  8 giant cockroaches
  43 goblins
  21 hobgoblins
  24 jackals
  15 quokkas
  4 ball pythons
  A ball python skeleton (D:5)
  25 bats
  A giant gecko skeleton (D:8)
  A giant gecko zombie (D:4)
  8 giant newts
  2 giant spores
  A jackal zombie (D:6)
  34 kobolds
  39 rats
  A spectral orc (D:9)
  7 ballistomycetes
  7 plants
1241 creatures vanquished.

Vanquished Creatures (collateral kills)
  A human (D:13)
1 creature vanquished.

Vanquished Creatures (others)
  A chimera (Swamp:2)
  A hound (Lair:8)
  A quokka (D:7)
  3 plants (Lair:8)
  6 toadstools (Swamp:1)
12 creatures vanquished.

Grand Total: 1254 creatures vanquished

Notes
Turn   | Place    | Note
--------------------------------------------------------------
     0 | D:1      | Fiveotanaka, the Deep Dwarf Fighter, began the quest for the Orb.
     0 | D:1      | Reached XP level 1. HP: 20/20 MP: 1/1
   109 | D:1      | Reached XP level 2. HP: 27/27 MP: 2/2
   455 | D:1      | Reached XP level 3. HP: 31/33 MP: 3/3
   765 | D:2      | Reached skill level 4 in Maces & Flails
   904 | D:2      | Found a sacrificial altar of Ru.
  1153 | D:2      | Reached XP level 4. HP: 25/40 MP: 4/4
  2100 | D:3      | Reached skill level 5 in Maces & Flails
  2363 | D:3      | Reached XP level 5. HP: 34/46 MP: 5/5
  2515 | D:3      | Noticed Robin
  2552 | D:3      | Killed Robin
  2600 | D:3      | Found a glowing drain.
  2620 | Sewer    | Entered a sewer
  2689 | Sewer    | Reached skill level 6 in Maces & Flails
  2689 | Sewer    | Reached XP level 6. HP: 20/55 MP: 6/6
  2717 | Sewer    | Found a white marble altar of Elyvilon.
  3023 | D:3      | Found a burning altar of Makhleb.
  3025 | D:3      | Found a glowing silver altar of Zin.
  3025 | D:3      | Noticed an angel
  3026 | D:3      | Noticed an Executioner
  3227 | D:4      | Reached skill level 7 in Maces & Flails
  3263 | D:4      | Found a deep blue altar of Sif Muna.
  3342 | D:4      | Found a radiant altar of Vehumet.
  3476 | D:4      | Reached XP level 7. HP: 37/61 MP: 7/7
  3483 | D:4      | Found a blossoming altar of Fedhas.
  3484 | D:4      | Found an ancient bone altar of Kikubaaqudgha.
  3484 | D:4      | Found Teiqew Abla's Antique Weapon Boutique.
  3490 | D:4      | Reached skill level 8 in Maces & Flails
  3640 | D:4      | Found a snail-covered altar of Cheibriados.
  3728 | D:5      | Entered Level 5 of the Dungeon
  3916 | D:5      | You fall through a shaft for 2 floors!
  4240 | D:5      | Reached skill level 9 in Maces & Flails
  4469 | D:5      | Reached XP level 8. HP: 51/68 MP: 8/8
  4742 | D:5      | Found a shattered altar of Ashenzari.
  4743 | D:5      | Found a glowing golden altar of the Shining One.
  4854 | D:6      | Reached skill level 10 in Maces & Flails
  4877 | D:6      | Found a staircase to the Ecumenical Temple.
  4888 | Temple   | Entered the Ecumenical Temple
  4979 | Temple   | Became a worshipper of Pakellas the Inventive
  5329 | D:7      | Reached skill level 1 in Evocations
  5433 | D:7      | Got a slimy buckler
  5444 | D:7      | Identified the +4 buckler of Distant Worlds {Int+2 Dex-3} (You found it on level 7 of the Dungeon)
  5461 | D:7      | Found a white marble altar of Elyvilon.
  5692 | D:7      | Reached skill level 11 in Maces & Flails
  5743 | D:7      | Acquired Pakellas' first power
  5925 | D:7      | Gained mutation: You passively map the area around you. [level up]
  5925 | D:7      | Reached XP level 9. HP: 40/74 MP: 16/16
  5981 | D:7      | Reached skill level 5 in Evocations
  6024 | D:7      | Noticed Joseph
  6045 | D:7      | Killed Joseph
  6277 | D:8      | Noticed Blork the orc
  6303 | D:8      | Killed Blork the orc
  6303 | D:8      | Reached skill level 1 in Dodging
  6308 | D:8      | Reached skill level 12 in Maces & Flails
  6417 | D:8      | Found a sparkling altar of Nemelex Xobeh.
  6588 | D:8      | Acquired Pakellas' second power
  6600 | D:8      | Found a flagged portal.
  6605 | Bailey   | Entered a bailey
  7181 | D:8      | Reached XP level 10. HP: 48/81 MP: 18/20
  7666 | D:9      | Found a sparkling altar of Nemelex Xobeh.
  7870 | D:9      | Reached skill level 5 in Armour
  7943 | D:9      | Found a stormy altar of Qazlal.
  8170 | D:9      | Found a basalt altar of Yredelemnul.
  8213 | D:9      | Found Ghaviodi's Antique Armour Shop.
  8419 | D:10     | Entered Level 10 of the Dungeon
  8448 | D:10     | Reached skill level 13 in Maces & Flails
  8462 | D:10     | Found a shimmering altar of Xom.
  8601 | D:10     | Noticed a hill giant
  8617 | D:10     | Killed a hill giant
  8677 | D:10     | Killed an unseen horror
  8862 | D:10     | Acquired Pakellas' third power
  8939 | D:10     | Reached skill level 5 in Dodging
  9093 | D:10     | Found a runed door.
  9106 | D:10     | Found a runed door.
  9164 | D:10     | Noticed a hill giant
  9191 | D:10     | Killed a hill giant
  9277 | D:10     | Reached XP level 11. HP: 78/88 MP: 4/23
  9349 | D:10     | Found a runed door.
  9360 | D:10     | Found a runed door.
  9653 | D:11     | Noticed a hill giant
  9666 | D:11     | Killed a hill giant
  9679 | D:11     | Reached skill level 10 in Evocations
  9849 | D:11     | Noticed a hill giant
  9868 | D:11     | Killed a hill giant
  9868 | D:11     | Reached skill level 14 in Maces & Flails
  9928 | D:11     | Noticed Psyche
  9938 | D:11     | Killed Psyche
 10020 | D:11     | Found a staircase to the Lair.
 10039 | Lair:1   | Entered Level 1 of the Lair of Beasts
 10570 | Lair:1   | Found a white marble altar of Elyvilon.
 10816 | Lair:1   | Reached XP level 12. HP: 99/99 MP: 1/26
 12189 | Lair:3   | Found a staircase to the Swamp.
 12324 | Lair:3   | Received a gift from Pakellas
 12763 | Lair:3   | Reached skill level 5 in Fighting
 12947 | Lair:4   | Noticed Nergalle
 12961 | Lair:4   | Killed Nergalle
 13259 | Lair:4   | Noticed a six-headed hydra
 13275 | Lair:4   | Killed a six-headed hydra
 13736 | Lair:5   | Noticed a five-headed hydra
 13748 | Lair:5   | Killed a five-headed hydra
 13811 | Lair:5   | Found a labyrinth entrance.
 13823 | Lab      | Entered a labyrinth
 13922 | Lab      | Noticed a minotaur
 13938 | Lab      | Killed a minotaur
 14121 | Lair:5   | Found a hole to the Spider Nest.
 14778 | Lair:5   | Noticed a six-headed hydra
 14791 | Lair:5   | Killed a six-headed hydra
 14873 | Lair:5   | Reached skill level 10 in Armour
 14901 | Lair:5   | Noticed an eight-headed hydra
 14916 | Lair:5   | Killed an eight-headed hydra
 15076 | Lair:6   | Noticed a seven-headed hydra
 15087 | Lair:6   | Killed a seven-headed hydra
 15087 | Lair:6   | Reached XP level 13. HP: 57/112 MP: 27/29
 15160 | Lair:6   | Noticed Snorg
 15188 | Lair:6   | Killed Snorg
 15509 | Lair:6   | Noticed a six-headed hydra
 15524 | Lair:6   | Killed a six-headed hydra
 16175 | Lair:7   | Reached skill level 10 in Dodging
 16717 | Lair:7   | Found a runed door.
 16717 | Lair:7   | Found a viscous altar of Jiyva.
 16717 | Lair:7   | Found a staircase to the Slime Pits.
 17062 | Lair:8   | Entered Level 8 of the Lair of Beasts
 17701 | Lair:8   | Got an ancient ring mail
 17712 | Lair:8   | Identified the cursed +3 ring mail "Ruatudet" {MR+ Str+3} (You found it on level 8 of the Lair of Beasts)
 17746 | Lair:8   | Noticed Rupert
 18216 | D:12     | Found a roughly hewn altar of Beogh.
 18387 | D:12     | Found a staircase to the Orcish Mines.
 18602 | D:12     | Found a basalt altar of Yredelemnul.
 19662 | D:12     | Reached skill level 15 in Evocations
 19885 | Orc:1    | Entered Level 1 of the Orcish Mines
 20034 | Orc:1    | Found a roughly hewn altar of Beogh.
 20506 | Orc:2    | Received a gift from Pakellas
 21258 | Orc:3    | Found a staircase to the Elven Halls.
 21396 | Orc:3    | Noticed Nessos
 21412 | Orc:3    | Killed Nessos
 21412 | Orc:3    | Gained mutation: You resist negative energy. [level up]
 21412 | Orc:3    | Reached XP level 14. HP: 122/127 MP: 31/31
 21668 | Orc:4    | Entered Level 4 of the Orcish Mines
 21668 | Orc:4    | Found Kugax's Gadget Shoppe.
 22398 | Orc:4    | Found a roughly hewn altar of Beogh.
 22416 | Orc:4    | Found Ycagih's Food Shoppe.
 22475 | Orc:4    | Found Mitu's Antique Armour Boutique.
 22514 | Orc:4    | Bought a runed helmet for 130 gold pieces
 22568 | Orc:4    | Found Teismoj's Weapon Boutique.
 22644 | Orc:4    | Found Vugrah's Jewellery Shoppe.
 22715 | Orc:4    | Bought the ring "Unadoi" {SustAb Str+3} for 462 gold pieces
 22796 | Orc:4    | Bought a +3 ring of protection for 315 gold pieces
 23893 | D:13     | Noticed Donald
 23923 | D:13     | Killed Donald
 23923 | D:13     | Reached skill level 16 in Evocations
 24011 | D:13     | Found a gate to the Vaults.
 24138 | D:13     | Received a gift from Pakellas
 25951 | Lair:8   | Killed Rupert
 26154 | Lair:8   | Found a runed door.
 26483 | Lair:8   | Reached XP level 15. HP: 104/138 MP: 32/32
 27942 | Swamp:1  | Entered Level 1 of the Swamp
 27947 | Swamp:1  | Noticed a thorn hunter
 27950 | Swamp:1  | Killed a thorn hunter
 27950 | Swamp:1  | Reached skill level 15 in Maces & Flails
 29849 | Swamp:2  | Reached skill level 10 in Fighting
 29914 | Swamp:2  | Reached skill level 17 in Evocations
 30595 | Swamp:3  | HP: 5/138 [spriggan rider/spear (3)]
 30599 | Swamp:3  | Mangled by a spriggan rider

Action                   |  1- 3 |  4- 6 |  7- 9 | 10-12 | 13-15 || total
-------------------------+-------+-------+-------+-------+-------++-------
Melee: Flail             |   146 |   246 |    64 |    35 |       ||   491
       Unarmed           |       |    15 |       |       |       ||    15
       Whip              |       |    84 |   498 |  1495 |  2722 ||  4799
       Eveningstar       |       |       |       |       |   543 ||   543
Throw: Stone             |       |     8 |       |       |       ||     8
Invok: Quick Charge      |       |       |     2 |    14 |    28 ||    44
       Minor Device Surg |       |       |     1 |       |       ||     1
       Device Surge      |       |       |       |       |     1 ||     1
Evoke: Wand              |       |     3 |    11 |    78 |   168 ||   260
       Rod               |       |       |       |       |    16 ||    16
       Box of beasts     |       |       |       |       |     2 ||     2
  Use: Scroll            |       |     3 |     6 |     8 |    12 ||    29
       Potion            |       |       |     6 |     1 |     1 ||     8
 Stab: Paralysed         |       |       |     2 |   173 |   285 ||   460
  Eat: Chunk             |     1 |     8 |    13 |    23 |    33 ||    78
       Pizza             |       |       |       |     2 |     1 ||     3
       Fruit             |       |       |       |     1 |    16 ||    17
       Royal jelly       |       |       |       |     1 |     1 ||     2
       Beef jerky        |       |       |       |       |     7 ||     7
       Bread ration      |       |       |       |       |     1 ||     1
